[Event "ICCopen2016"]
[Site "Internet Chess Club"]
[Date "2016.06.04"]
[Round "9"]
[White "B-Amin"]
[Black "TRADE"]
[Result "1-0"]
[ICCResult "Black resigns"]
[WhiteElo "2936"]
[BlackElo "2722"]
[Opening "Sicilian"]
[ECO "B50"]
[NIC "SI.01"]
[Time "15:33:25"]
[TimeControl "180+0"]

1. e4 c5 2. Nf3 d6 3. g3 Nc6 4. Bg2 g6 5. O-O Bg7 6. c3 Nf6 7. Re1 O-O 8. h3
c4 9. Na3 Na5 10. b4 cxb3 11. axb3 Be6 12. Nd4 Bd7 13. b4 Nc6 14. Nxc6 bxc6
15. d4 a5 16. bxa5 Qxa5 17. Bd2 Rfb8 18. e5 Nd5 19. c4 Nb4 20. Nc2 Nxc2 21.
Rxa5 Nxe1 22. Rxa8 Rxa8 23. Qxe1 dxe5 24. dxe5 Be6 25. Bxc6 Rc8 26. Bd5 Bxh3
27. e6 f5 28. Bc3 {Black resigns} 1-0

[Event "ICCopen2016"]
[Site "Internet Chess Club"]
[Date "2016.06.04"]
[Round "9"]
[White "PolishRyszard"]
[Black "peri00"]
[Result "1-0"]
[ICCResult "Black resigns"]
[WhiteElo "1683"]
[BlackElo "1309"]
[Opening "Levitsky attack (Queen's bishop attack)"]
[ECO "D00"]
[NIC "QP.08"]
[Time "15:34:08"]
[TimeControl "180+0"]

1. d4 d5 2. Bg5 Nf6 3. Nd2 e6 4. e3 Be7 5. Be2 O-O 6. Ngf3 h6 7. Bh4 Nc6 8.
c3 Re8 9. O-O Ne4 10. Bxe7 Nxe7 11. Nxe4 dxe4 12. Nd2 Ng6 13. Nxe4 f5 14.
Nd2 Qg5 15. f4 Qf6 16. Nf3 b6 17. Qb3 Bb7 18. a4 Bxf3 19. Bxf3 Nh4 20. Bxa8
Qg6 21. Bc6 Qxg2+ 22. Bxg2 {Black resigns} 1-0

[Event "ICCopen2016"]
[Site "Internet Chess Club"]
[Date "2016.06.04"]
[Round "9"]
[White "AaronArrowood"]
[Black "TooStrongForYou"]
[Result "0-1"]
[ICCResult "White checkmated"]
[WhiteElo "1759"]
[BlackElo "1627"]
[Opening "Queen's pawn, Mason variation"]
[ECO "D00"]
[NIC "QP.08"]
[Time "15:33:36"]
[TimeControl "180+0"]

1. d4 d5 2. Bf4 Bf5 3. c4 e6 4. Nc3 Bd6 5. Bg3 Nf6 6. e3 c5 7. Qa4+ Nc6 8.
cxd5 exd5 9. Bb5 O-O 10. Bxc6 bxc6 11. Qxc6 Bxg3 12. hxg3 cxd4 13. exd4 Rb8
14. O-O-O Qa5 15. Qa4 Qb6 16. Rd2 Rfc8 17. Qb3 Qa5 18. Qd1 Qxc3+ 19. bxc3
Rb1# {White checkmated} 0-1

[Event "ICCopen2016"]
[Site "Internet Chess Club"]
[Date "2016.06.04"]
[Round "9"]
[White "welo1969"]
[Black "Saniser"]
[Result "1-0"]
[ICCResult "Black resigns"]
[WhiteElo "1649"]
[BlackElo "1710"]
[Opening "King's Indian: fianchetto without c4"]
[ECO "A49"]
[NIC "QP.06"]
[Time "15:33:05"]
[TimeControl "180+0"]

1. d4 Nf6 2. Nf3 g6 3. g3 Bg7 4. Bg2 O-O 5. O-O d6 6. a4 Nc6 7. a5 e5 8. a6
bxa6 9. dxe5 dxe5 10. Nxe5 Nxe5 11. Qxd8 Rxd8 12. Bxa8 Bg4 13. Bg2 Bxe2 14.
Re1 Nf3+ 15. Bxf3 Bxf3 16. Rxa6 Ng4 17. c3 h6 18. Bf4 Rd5 19. Nd2 Nxh2 20.
Re8+ Kh7 21. Nxf3 Nxf3+ 22. Kg2 Ng5 23. Bxg5 hxg5 24. Rxa7 Rd7 25. Rc8 Be5
26. b4 Kg7 27. b5 Rd2 28. Raxc7 Bxc7 29. Rxc7 Rb2 30. c4 Rb4 31. Rc6 Kf8 32.
b6 Ke7 33. Rc7+ Ke6 34. c5 f5 35. b7 f4 36. gxf4 gxf4 37. c6 g5 38. Rc8 g4
39. b8=Q {Black resigns} 1-0

[Event "ICCopen2016"]
[Site "Internet Chess Club"]
[Date "2016.06.04"]
[Round "9"]
[White "catman"]
[Black "mikado"]
[Result "1-0"]
[ICCResult "Black resigns"]
[WhiteElo "1847"]
[BlackElo "1976"]
[Opening "Benkö gambit half accepted"]
[ECO "A57"]
[NIC "BI.45"]
[Time "15:33:33"]
[TimeControl "180+0"]

1. d4 Nf6 2. c4 c5 3. d5 b5 4. cxb5 a6 5. f3 g6 6. e4 d6 7. a4 Bg7 8. Na3
O-O 9. Ne2 Ne8 10. Nc3 f5 11. exf5 Bxf5 12. Bd3 Nd7 13. O-O Nc7 14. Re1 Nb6
15. Bxf5 Rxf5 16. a5 Nbxd5 17. b6 Nxc3 18. bxc7 Qxc7 19. bxc3 Bxc3 20. Qb3+
{Black resigns}
1-0

[Event "ICCopen2016"]
[Site "Internet Chess Club"]
[Date "2016.06.04"]
[Round "9"]
[White "Blockader"]
[Black "livis"]
[Result "0-1"]
[ICCResult "White resigns"]
[WhiteElo "1735"]
[BlackElo "1934"]
[Opening "QGD: 3...Nf6"]
[ECO "D35"]
[NIC "QO.16"]
[Time "15:32:44"]
[TimeControl "180+0"]

1. d4 e6 2. c4 d5 3. Nc3 Nf6 4. e3 Be7 5. a3 Ne4 6. cxd5 Nxc3 7. bxc3 exd5
8. Qb3 c6 9. Nf3 O-O 10. Ne5 Nd7 11. f4 Nxe5 12. fxe5 Be6 13. Bd3 b5 14. O-O
a6 15. a4 Qd7 16. Bd2 g6 17. Ra2 c5 18. Qc2 c4 19. Be2 Rfb8 20. axb5 axb5
21. Rfa1 Rxa2 22. Qxa2 b4 23. cxb4 Bxb4 24. Bxb4 Rxb4 25. Qa8+ Kg7 26. Ra7
Qb5 27. Qd8 Rb1+ 28. Kf2 Qb8 29. Qf6+ Kg8 30. Re7 Qf8 31. h4 Rb8 32. h5 Qg7
33. Rxe6 fxe6 34. Qxe6+ Qf7+ 35. Qxf7+ Kxf7 36. Bf3 Rb2+ 37. Kg3 Ke6 38.
hxg6 hxg6 39. Bg4+ Ke7 40. Bf3 c3 41. Bxd5 c2 42. Be4 c1=Q 43. Bxg6 Qxe3+
44. Kg4 Qxd4+ 45. Kf5 Rf2+ 46. Kg5 Rxg2+ 47. Kh6 Qxe5 48. Kh7 Rh2+ 49. Bh5
Rxh5+ {White resigns} 0-1

[Event "ICCopen2016"]
[Site "Internet Chess Club"]
[Date "2016.06.04"]
[Round "9"]
[White "mirpele-murpele"]
[Black "HPG1947"]
[Result "1-0"]
[ICCResult "Black forfeits on time"]
[WhiteElo "2661"]
[BlackElo "1676"]
[Opening "Philidor: Improved Hanham variation"]
[ECO "B07"]
[NIC "PU.08"]
[Time "15:33:08"]
[TimeControl "180+0"]

1. e4 d6 2. d4 Nf6 3. Nc3 Nbd7 4. Nf3 e5 5. Bc4 Be7 6. O-O O-O 7. Re1 c6 8.
a4 b6 9. b3 a6 10. h3 Bb7 11. Bb2 b5 12. Bd3 Qc7 13. Ne2 c5 14. dxe5 dxe5
15. axb5 axb5 16. Bxb5 Bxe4 17. Ng3 Rxa1 18. Bxa1 Bxf3 19. Qxf3 Ra8 20.
Qxa8+ Bf8 21. Nf5 h6 22. Ne7+ Kh7 23. Bxe5 {Black forfeits on time} 1-0

[Event "ICCopen2016"]
[Site "Internet Chess Club"]
[Date "2016.06.04"]
[Round "9"]
[White "blackjack721"]
[Black "chadvalley"]
[Result "1-0"]
[ICCResult "Black checkmated"]
[WhiteElo "1431"]
[BlackElo "1239"]
[Opening "Philidor's defense"]
[ECO "C41"]
[NIC "KP.10"]
[Time "15:33:09"]
[TimeControl "180+0"]

1. e4 e5 2. Nf3 d6 3. Bc4 Be6 4. Qe2 Nf6 5. Nc3 Nc6 6. d3 a6 7. a4 Be7 8.
Nd5 Bxd5 9. exd5 Nb8 10. c3 Nbd7 11. d4 exd4 12. Nxd4 O-O 13. O-O Re8 14.
Qf3 Ne5 15. Qe2 Bf8 16. Ba2 Nfd7 17. Be3 Nc5 18. b4 Nxa4 19. Bb1 Nxc3 20.
Bxh7+ Kh8 21. Qh5 g6 22. Bxg6+ Kg7 23. Qh7+ Kf6 24. Bh5 Ng6 25. Bxg6 fxg6
26. Qh4+ Kf7 27. Bg5 Be7 28. Qh7+ Kf8 29. Bh6# {Black checkmated} 1-0

[Event "ICCopen2016"]
[Site "Internet Chess Club"]
[Date "2016.06.04"]
[Round "9"]
[White "RobbieWilliams"]
[Black "kaimann"]
[Result "0-1"]
[ICCResult "White checkmated"]
[WhiteElo "1790"]
[BlackElo "1999"]
[Opening "Queen's Pawn"]
[ECO "B07"]
[NIC "QO.17"]
[Time "15:34:09"]
[TimeControl "180+0"]

1. d4 d6 2. e4 e5 3. Ne2 Nc6 4. Be3 Nf6 5. f3 Be7 6. Nbc3 O-O 7. Qd2 exd4 8.
Nxd4 Nxd4 9. Bxd4 Be6 10. O-O-O a6 11. Kb1 b5 12. g4 b4 13. Ne2 c5 14. Be3
Qa5 15. b3 Nd7 16. h4 Bf6 17. g5 Bc3 18. Nxc3 bxc3 19. Qxd6 Rad8 20. Qf4 Nb6
21. Bd3 c4 22. Be2 cxb3 23. axb3 Bxb3 24. cxb3 Qa3 25. Bc1 Qxb3+ 26. Ka1 c2
27. Rxd8 Qb1# {White checkmated} 0-1

[Event "ICCopen2016"]
[Site "Internet Chess Club"]
[Date "2016.06.04"]
[Round "9"]
[White "CristianS"]
[Black "GolfPro"]
[Result "1-0"]
[ICCResult "Black resigns"]
[WhiteElo "2071"]
[BlackElo "1799"]
[Opening "Petrov: classical attack"]
[ECO "C42"]
[NIC "RG.04"]
[Time "15:33:46"]
[TimeControl "180+0"]

1. e4 e5 2. Nf3 Nf6 3. Nxe5 d6 4. Nf3 Nxe4 5. d4 d5 6. Bd3 Bg4 7. O-O Be7 8.
Re1 f5 9. c4 Nc6 10. cxd5 Qxd5 11. Nc3 Nxc3 12. bxc3 Bxf3 13. Qxf3 Qxf3 14.
gxf3 g6 15. d5 Rd8 16. dxc6 Rxd3 17. Bg5 bxc6 18. Rxe7+ Kf8 19. Rae1 Rg8 20.
Re8+ {Black resigns} 1-0

[Event "ICCopen2016"]
[Site "Internet Chess Club"]
[Date "2016.06.04"]
[Round "9"]
[White "gmgattass"]
[Black "Dinamit"]
[Result "0-1"]
[ICCResult "White resigns"]
[WhiteElo "2265"]
[BlackElo "2681"]
[Opening "Sicilian"]
[ECO "B53"]
[NIC "SI.01"]
[Time "15:33:09"]
[TimeControl "180+0"]

1. e4 c5 2. Nf3 d6 3. d4 cxd4 4. Bb5+ Nd7 5. Nxd4 Nf6 6. Qe2 a6 7. Bxd7+
Bxd7 8. c4 g6 9. Nc3 Bg7 10. Nc2 O-O 11. O-O b5 12. e5 dxe5 13. cxb5 axb5
14. Nxb5 Qb8 15. Nc3 Bc6 16. f3 Rd8 17. Re1 Nd5 18. Nxd5 Bxd5 19. Ne3 Bxa2
20. b4 Be6 21. Rxa8 Qxa8 22. Rd1 Rxd1+ 23. Qxd1 f5 24. Bb2 Qa7 25. Qd8+ Kf7
26. Kf2 f4 27. Bc1 Bh6 28. b5 fxe3+ 29. Kg3 Bf4+ 30. Kh4 e2 31. Bxf4 exf4
32. b6 e1=Q+ 33. g3 Qa4 34. Kg5 Qe5+ {White resigns} 0-1

[Event "ICCopen2016"]
[Site "Internet Chess Club"]
[Date "2016.06.04"]
[Round "9"]
[White "marwan100"]
[Black "eltigrecu"]
[Result "0-1"]
[ICCResult "White resigns"]
[WhiteElo "1588"]
[BlackElo "2088"]
[Opening "Queen's pawn game"]
[ECO "D04"]
[NIC "QP.08"]
[Time "15:33:14"]
[TimeControl "180+0"]

1. d4 d5 2. Nf3 Nf6 3. e3 Bg4 4. b3 c6 5. Bb2 e6 6. Nbd2 Bb4 7. Be2 Ne4 8.
O-O Bxf3 9. Nxf3 Nd7 10. a3 Bc3 11. Bxc3 Nxc3 12. Qd2 Nxe2+ 13. Qxe2 Nf6 14.
Ne5 O-O 15. f4 Ne4 16. c4 f6 17. Nd3 Qb6 18. Qg4 Rae8 19. f5 e5 20. cxd5
cxd5 21. Nb4 exd4 22. Nxd5 Qxb3 23. exd4 Qxd5 24. Rad1 Nc3 25. Rd3 Nb5
{White resigns}
0-1

[Event "ICCopen2016"]
[Site "Internet Chess Club"]
[Date "2016.06.04"]
[Round "9"]
[White "SIRPALADIN"]
[Black "Tal-Baron"]
[Result "0-1"]
[ICCResult "White resigns"]
[WhiteElo "1914"]
[BlackElo "2705"]
[Opening "Nimzo-Indian: 4.e3 O-O, 5.Bd3 d5"]
[ECO "E48"]
[NIC "NI.11"]
[Time "15:33:15"]
[TimeControl "180+0"]

1. d4 Nf6 2. c4 e6 3. Nc3 Bb4 4. e3 O-O 5. Bd3 d5 6. Ne2 dxc4 7. Bxc4 e5 8.
O-O Nc6 9. a3 Bd6 10. d5 Ne7 11. e4 Ng6 12. Nb5 a6 13. Nxd6 cxd6 14. f3 Nh5
15. g3 Bd7 16. Be3 Rc8 17. Rc1 Qe7 18. Qd2 Bh3 19. Rf2 Rc7 20. Nc3 Rxc4 21.
Qe2 Rfc8 22. g4 Nhf4 23. Bxf4 Nxf4 24. Qd2 b5 25. Re1 h6 26. Re3 Qh4 27. Re1
Qg5 28. Qd1 Rd4 29. Qb3 Nd3 30. Ree2 Nxf2 {White resigns} 0-1

[Event "ICCopen2016"]
[Site "Internet Chess Club"]
[Date "2016.06.04"]
[Round "9"]
[White "Kakarotto"]
[Black "MasterZachary"]
[Result "1-0"]
[ICCResult "Black checkmated"]
[WhiteElo "2618"]
[BlackElo "2142"]
[Opening "Four knights: Schultze-Müller gambit"]
[ECO "C47"]
[NIC "KP.06"]
[Time "15:32:34"]
[TimeControl "180+0"]

1. e4 e5 2. Nf3 Nc6 3. Nc3 Nf6 4. Nxe5 Nxe5 5. d4 Nc6 6. d5 Ne5 7. f4 Bd6 8.
fxe5 Bxe5 9. Be3 Qe7 10. Qf3 Bxc3+ 11. bxc3 Nxe4 12. Bd3 Nxc3 13. O-O Nxd5
14. Rae1 O-O 15. Qxd5 Qh4 16. Bc5 d6 17. Re4 Qd8 18. Bd4 Be6 19. Qh5 h6 20.
h4 c5 21. Ba1 d5 22. Ref4 d4 23. Qxc5 Bxa2 24. Rxd4 Qe8 25. Re4 Qd8 26. Qe5
f6 27. Qf5 Qd5 28. Re5 Qd6 29. Qh7+ Kf7 30. Bg6# {Black checkmated} 1-0

[Event "ICCopen2016"]
[Site "Internet Chess Club"]
[Date "2016.06.04"]
[Round "9"]
[White "jbow79"]
[Black "NETAO"]
[Result "0-1"]
[ICCResult "White resigns"]
[WhiteElo "948"]
[BlackElo "1819"]
[Opening "Modern defense"]
[ECO "A40"]
[NIC "QO.17"]
[Time "15:33:01"]
[TimeControl "180+0"]

1. d4 g6 2. Nf3 Bg7 3. g3 d6 4. Bg2 Nf6 5. O-O O-O 6. Bg5 c6 7. Bxf6 Bxf6 8.
c3 Qb6 9. Qc2 Na6 10. e4 Bg7 11. Nbd2 c5 12. d5 Qc7 13. Rad1 b5 14. c4 bxc4
15. Nxc4 Rb8 16. b3 Nb4 17. Qd2 a5 18. a3 Na6 19. Qd3 Bd7 20. h4 h5 21. Ne1
a4 22. bxa4 Bxa4 23. Rc1 Rb3 24. Qd2 Rfb8 25. Nd3 Bb5 26. a4 Bxa4 27. Rc2
Bb5 28. Rfc1 Kh7 29. Ne3 Rxd3 {White resigns} 0-1

[Event "ICCopen2016"]
[Site "Internet Chess Club"]
[Date "2016.06.04"]
[Round "9"]
[White "Palenque"]
[Black "GodspeedR8"]
[Result "0-1"]
[ICCResult "White checkmated"]
[WhiteElo "1666"]
[BlackElo "1949"]
[Opening "Sicilian: closed"]
[ECO "B24"]
[NIC "SI.44"]
[Time "15:32:48"]
[TimeControl "180+0"]

1. e4 c5 2. Nc3 Nc6 3. g3 g6 4. Bg2 Bg7 5. d3 e5 6. Be3 Nge7 7. Qd2 d6 8.
Bh6 O-O 9. h4 f5 10. h5 Be6 11. hxg6 hxg6 12. Bxg7 Kxg7 13. Qh6+ Kf7 14.
Qh7+ Ke8 15. Nf3 Kd7 16. Ng5 Rh8 17. Qxh8 Qxh8 18. Rxh8 Rxh8 19. Nxe6 Kxe6
20. exf5+ gxf5 21. Ke2 Nd4+ 22. Kd2 Rh2 23. Rg1 d5 24. Nd1 Ng6 25. c3 Nc6
26. Ne3 e4 27. dxe4 dxe4 28. Ke2 Nce5 29. Nf1 Rh8 30. f3 exf3+ 31. Bxf3 Nxf3
32. Kxf3 Ne5+ 33. Ke3 Nc4+ 34. Kf4 Nxb2 35. Ne3 Nd3+ 36. Kf3 Ne5+ 37. Kf4
Rh2 38. Ng2 Nd3+ 39. Ke3 Ne5 40. Nf4+ Kf6 41. Nd5+ Kg5 42. Rb1 b6 43. Nf4
Rxa2 44. Rh1 Ng4+ 45. Kf3 Rf2# {White checkmated} 0-1

[Event "ICCopen2016"]
[Site "Internet Chess Club"]
[Date "2016.06.04"]
[Round "9"]
[White "UAE2002"]
[Black "Piranha"]
[Result "1-0"]
[ICCResult "Black resigns"]
[WhiteElo "2002"]
[BlackElo "1762"]
[Opening "Dutch: Staunton gambit, Staunton's line"]
[ECO "A83"]
[NIC "HD.11"]
[Time "15:33:49"]
[TimeControl "180+0"]

1. d4 f5 2. e4 fxe4 3. Nc3 Nf6 4. Bg5 Nc6 5. d5 Ne5 6. Qd4 Nf7 7. h4 h6 8.
Bxf6 exf6 9. Nxe4 c5 10. dxc6 bxc6 11. O-O-O Qb6 12. Bc4 Qxd4 13. Rxd4 d5
14. Bb3 dxe4 15. Rxe4+ Be7 16. Nf3 Kf8 17. Rhe1 Ne5 18. Nxe5 fxe5 19. Rxe5
Bd7 20. Rxe7 {Black resigns} 1-0

[Event "ICCopen2016"]
[Site "Internet Chess Club"]
[Date "2016.06.04"]
[Round "9"]
[White "hawkstorm"]
[Black "bullbuffalo"]
[Result "1-0"]
[ICCResult "Black resigns"]
[WhiteElo "1555"]
[BlackElo "1323"]
[Opening "Sicilian: Smith-Morra gambit"]
[ECO "B21"]
[NIC "SI.48"]
[Time "15:33:08"]
[TimeControl "180+0"]

1. e4 c5 2. d4 cxd4 3. c3 dxc3 4. Nxc3 e6 5. Bc4 a6 6. Qe2 b5 7. Bb3 Bb7 8.
Nf3 Nc6 9. O-O Qc7 10. Rd1 Be7 11. Be3 h5 12. Rac1 Nf6 13. Nd5 exd5 14. exd5
Ng4 15. dxc6 dxc6 16. h3 c5 17. a3 Bxf3 18. Qxf3 Rd8 19. Rxd8+ Bxd8 20. Qe4+
Kf8 21. hxg4 hxg4 22. Bf4 Qb6 23. Qf5 c4 24. Bc2 g6 25. Qe5 Rh4 26. Rd1 Be7
27. Qb8+ Qxb8 28. Bxb8 Bc5 29. Bg3 Kg7 30. Rd5 g5 31. Rxg5+ {Black resigns}
1-0

[Event "ICCopen2016"]
[Site "Internet Chess Club"]
[Date "2016.06.04"]
[Round "9"]
[White "Imaneverwas"]
[Black "PED"]
[Result "0-1"]
[ICCResult "White forfeits on time"]
[WhiteElo "1716"]
[BlackElo "2088"]
[Opening "English: Caro-Kann defensive system"]
[ECO "A11"]
[NIC "EO.64"]
[Time "15:32:37"]
[TimeControl "180+0"]

1. c4 c6 2. g3 d5 3. Bg2 dxc4 4. a4 e5 5. Nf3 f6 6. O-O Be6 7. Qc2 a5 8. Na3
Bxa3 9. bxa3 Nd7 10. Bb2 Ne7 11. Rfd1 O-O 12. d4 cxd3 13. Rxd3 Qc7 14. Rad1
Rad8 15. e4 Nc5 16. Rxd8 Rxd8 17. Rxd8+ Qxd8 18. Nd2 Qd6 19. Nc4 Qd3 20.
Qxd3 Nxd3 21. Nxa5 Nxb2 22. Nxb7 Nxa4 23. Nd8 Bc4 24. f4 Nc3 25. Kf2 Kf8 26.
Nb7 Bb5 27. Nc5 Na4 28. Nxa4 Bxa4 29. Ke3 Ng6 30. f5 Ne7 31. Kd3 Nc8 32. Kc4
Ke7 33. Kc5 Kd7 34. g4 Kc7 35. h4 Nb6 36. g5 Nd7+ 37. Kc4 Kb6 38. gxf6 gxf6
39. Kb4 Bb5 40. Bf3 c5+ 41. Kc3 h6 42. Bh5 Ba4 43. Be8 Bb5
{White forfeits on time}
0-1

[Event "ICCopen2016"]
[Site "Internet Chess Club"]
[Date "2016.06.04"]
[Round "9"]
[White "akibael"]
[Black "Sc6"]
[Result "1-0"]
[ICCResult "Black resigns"]
[WhiteElo "2231"]
[BlackElo "1813"]
[Opening "Pirc: classical (two knights) system"]
[ECO "A48"]
[NIC "PU.10"]
[Time "15:32:31"]
[TimeControl "180+0"]

1. Nf3 Nf6 2. d4 g6 3. Nc3 Bg7 4. e4 d6 5. Bg5 O-O 6. Qd2 Nbd7 7. O-O-O c5
8. dxc5 Nxc5 9. Bxf6 Bxf6 10. e5 Bg7 11. exd6 exd6 12. Qxd6 Qa5 13. Rd5 b6
14. Ne5 Be6 15. Nc6 Bxd5 16. Nxa5 Rad8 17. Qc7 Bh6+ 18. Kb1 Rd7 19. Qe5 Bg7
20. Qe3 Bd4 21. Qe1 bxa5 22. Nxd5 Rxd5 23. Bc4 Re5 24. Qxa5 Ne6 25. Qd2 Rb8
26. Bb3 a5 27. a4 Bc5 28. Bxe6 Rxe6 29. Re1 Reb6 30. b3 Bb4 31. c3 Bc5 32.
Kc2 Rxb3 33. Re8+ Kg7 34. Rxb8 Rxb8 35. Qd5 Be7 36. Qe5+ Bf6 37. Qxb8
{Black resigns}
1-0

[Event "ICCopen2016"]
[Site "Internet Chess Club"]
[Date "2016.06.04"]
[Round "9"]
[White "Elcid"]
[Black "jupitor1"]
[Result "1-0"]
[ICCResult "Black forfeits on time"]
[WhiteElo "1134"]
[BlackElo "931"]
[Opening "Catalan opening"]
[ECO "E00"]
[NIC "CA.01"]
[Time "15:32:41"]
[TimeControl "180+0"]

1. d4 Nf6 2. c4 e6 3. g3 Bb4+ 4. Bd2 Bxd2+ 5. Nxd2 O-O 6. Bg2 c6 7. Ngf3 d5
8. Qc2 Re8 9. O-O Nbd7 10. e4 e5 11. cxd5 cxd5 12. dxe5 Nxe5 13. Nxe5 dxe4
14. Nec4 Bf5 15. Rfe1 Qd3 16. Qxd3 exd3 17. Rxe8+ Rxe8 18. Bxb7 Rb8 19. Nd6
g6 20. Nxf5 Rxb7 21. Nd6 Rd7 22. N6c4 Rc7 23. b3 a6 24. Rd1 Rd7 25. Ne5 Rd5
26. f4 Nd7 27. Nxd7 Rxd7 28. Nf3 Rd6 29. Kg2 f6 30. h4 Re6 31. Kh3
{Black forfeits on time}
1-0

[Event "ICCopen2016"]
[Site "Internet Chess Club"]
[Date "2016.06.04"]
[Round "9"]
[White "gsvc"]
[Black "KAPAMA3OB"]
[Result "1-0"]
[ICCResult "Black resigns"]
[WhiteElo "2882"]
[BlackElo "2771"]
[Opening "Sicilian: Nimzovich-Rossolimo attack (without ...d6)"]
[ECO "B30"]
[NIC "SI.31"]
[Time "15:33:35"]
[TimeControl "180+0"]

1. e4 c5 2. Nf3 Nc6 3. Bb5 e6 4. O-O Nge7 5. Re1 a6 6. Bf1 d5 7. exd5 Qxd5
8. Bd3 Qd8 9. b3 Ng6 10. Bb2 f6 11. Bc4 e5 12. Nc3 Be7 13. a4 Nf4 14. d3 Bg4
15. h3 Bh5 16. Bc1 g5 17. Bxf4 gxf4 18. Bd5 Qc7 19. Bxc6+ bxc6 20. Qe2 O-O-O
21. Qe4 Qd7 22. Nh4 Rhg8 23. Kh2 Rg5 24. Qxh7 Rdg8 25. Qe4 Bf7 26. a5 Bd6
27. Na4 Kb8 28. Nb6 Qc7 29. Rg1 f5 30. Qe1 e4 31. dxe4 Re8 32. Nf3 Rgg8 33.
e5 Bxe5 34. Nxe5 Rxe5 35. Qxe5 {Black resigns} 1-0

[Event "ICCopen2016"]
[Site "Internet Chess Club"]
[Date "2016.06.04"]
[Round "9"]
[White "Indiana-Jones"]
[Black "CrossShark"]
[Result "0-1"]
[ICCResult "White resigns"]
[WhiteElo "2802"]
[BlackElo "2630"]
[Opening "QGD semi-Slav: anti-Meran, Lilienthal variation"]
[ECO "D44"]
[NIC "SL.07"]
[Time "15:33:34"]
[TimeControl "180+0"]

1. Nf3 d5 2. c4 e6 3. d4 Nf6 4. Nc3 c6 5. Bg5 dxc4 6. e4 b5 7. e5 h6 8. Bh4
g5 9. Nxg5 hxg5 10. Bxg5 Nbd7 11. g3 Bb7 12. Bg2 Qb6 13. exf6 O-O-O 14. O-O
c5 15. d5 b4 16. Rb1 Bh6 17. h4 Bxg5 18. hxg5 Ne5 19. Qe2 Nd3 20. b3 exd5
21. Na4 Qb5 22. Qe7 Rd7 23. Qe2 Rdd8 24. Qe7 Rd7 25. Qe2 Kb8 26. Rfd1 Rdd8
27. Qe7 Rd7 28. Qe2 Rdd8 29. Qe7 Rd7 30. Qe3 d4 31. bxc4 dxe3 32. cxb5 e2
33. Rd2 Bxg2 {White resigns} 0-1

[Event "ICCopen2016"]
[Site "Internet Chess Club"]
[Date "2016.06.04"]
[Round "9"]
[White "AllGunsBlazing"]
[Black "blitzmaniac"]
[Result "0-1"]
[ICCResult "White disconnected and forfeits"]
[WhiteElo "2691"]
[BlackElo "2813"]
[Opening "QGD: 3.Nc3"]
[ECO "D31"]
[NIC "QP.08"]
[Time "15:33:56"]
[TimeControl "180+0"]

1. d4 d5 2. c4 e6 3. Nc3 Bb4 4. Qa4+ Nc6 5. cxd5 exd5 6. Nf3 Nf6 7. Bg5 h6
8. Bxf6 Qxf6 9. e3 O-O 10. Bb5 Bg4 11. Bxc6 Bxc3+ 12. bxc3 Bxf3 13. gxf3
Qxf3 14. Bxd5 Qxd5 15. Rg1 Rae8 16. Qb3 Qf3 {White disconnected and
forfeits} 0-1

[Event "ICCopen2016"]
[Site "Internet Chess Club"]
[Date "2016.06.04"]
[Round "9"]
[White "DukeBishop"]
[Black "hipopotamos"]
[Result "1-0"]
[ICCResult "Black checkmated"]
[WhiteElo "1606"]
[BlackElo "1087"]
[Opening "Ruy Lopez: Berlin defense, Beverwijk variation"]
[ECO "C65"]
[NIC "RL.07"]
[Time "15:32:35"]
[TimeControl "180+0"]

1. e4 e5 2. Nf3 Nc6 3. Bb5 Nf6 4. O-O Bc5 5. c3 d6 6. d4 exd4 7. cxd4 Bb6 8.
d5 Nxe4 9. dxc6 O-O 10. Nc3 Nxc3 11. bxc3 bxc6 12. Bxc6 Rb8 13. Qd3 Qf6 14.
Bg5 Qe6 15. Rfe1 Qg4 16. Re4 Qf5 17. Rae1 h6 18. Be7 Qc5 19. Bxf8 Qxc6 20.
Re8 g6 21. Bxh6+ Kh7 22. Ng5+ Kxh6 23. Nxf7+ Kh5 24. Rh8+ Kg4 25. h3+ Kf4
26. g3# {Black checkmated} 1-0

[Event "ICCopen2016"]
[Site "Internet Chess Club"]
[Date "2016.06.04"]
[Round "9"]
[White "jonesey"]
[Black "Cafka36"]
[Result "1-0"]
[ICCResult "Black checkmated"]
[WhiteElo "1754"]
[BlackElo "1227"]
[Opening "Sicilian defense"]
[ECO "B20"]
[NIC "SI.48"]
[Time "15:33:46"]
[TimeControl "180+0"]

1. e4 c5 2. c4 e5 3. Nc3 d6 4. g3 g6 5. Bg2 Bg7 6. d3 Ne7 7. Nge2 Be6 8. Rb1
O-O 9. O-O a6 10. b4 b6 11. f4 f5 12. exf5 Bxf5 13. Bxa8 Nd7 14. Bg2 exf4
15. Bxf4 Ne5 16. Ne4 d5 17. cxd5 Nxd5 18. bxc5 bxc5 19. Qb3 Kh8 20. Ng5 h6
21. Nf7+ Rxf7 22. Bxd5 Rd7 23. Be4 Bxe4 24. dxe4 Nd3 25. Rfd1 Bd4+ 26. Nxd4
Rxd4 27. Rxd3 Rxd3 28. Be5+ Kh7 29. Qf7# {Black checkmated} 1-0

[Event "ICCopen2016"]
[Site "Internet Chess Club"]
[Date "2016.06.04"]
[Round "9"]
[White "gannikus1992"]
[Black "HuevosDeLeon"]
[Result "1-0"]
[ICCResult "Black resigns"]
[WhiteElo "2261"]
[BlackElo "2641"]
[Opening "Alekhine's defense: Sämisch attack"]
[ECO "B02"]
[NIC "AL.10"]
[Time "15:34:11"]
[TimeControl "180+0"]

1. e4 Nf6 2. e5 Nd5 3. Nc3 Nxc3 4. dxc3 d5 5. h4 c5 6. h5 Nc6 7. Qe2 h6 8.
g3 Bf5 9. Bg2 e6 10. Nf3 Be7 11. Be3 Qc7 12. O-O-O c4 13. Nd4 Nxd4 14. Bxd4
b5 15. g4 Bh7 16. f4 a5 17. f5 b4 18. f6 gxf6 19. exf6 Bd6 20. Bxd5 Rc8 21.
Bxe6 fxe6 22. Qxe6+ Kf8 23. f7 b3 24. Qxh6+ Ke7 25. Bf6+ Kd7 26. Bxh8 Rxh8
27. f8=Q Rxf8 28. Qxf8 bxa2 29. Rxd6+ Qxd6 30. Qxd6+ Kxd6 31. Kd2 a4 32. Ra1
a3 33. Rxa2 axb2 34. Rxb2 Ke5 35. Rb7 Be4 36. Re7+ Kf4 37. Rxe4+ Kxe4 38. h6
{Black resigns}
1-0

[Event "ICCopen2016"]
[Site "Internet Chess Club"]
[Date "2016.06.04"]
[Round "9"]
[White "Desideratum"]
[Black "Dare-Dare"]
[Result "1-0"]
[ICCResult "Black checkmated"]
[WhiteElo "1692"]
[BlackElo "1855"]
[Opening "French: Steinitz attack"]
[ECO "C00"]
[NIC "FR.01"]
[Time "15:32:58"]
[TimeControl "180+0"]

1. e4 e6 2. e5 d5 3. f4 c5 4. Nf3 Nc6 5. Bb5 Qb6 6. Bxc6+ bxc6 7. d3 Ne7 8.
O-O Nf5 9. g4 Nd4 10. Nc3 Nxf3+ 11. Qxf3 c4+ 12. Be3 Bc5 13. Bxc5 Qxc5+ 14.
Qf2 Qxf2+ 15. Rxf2 cxd3 16. cxd3 Ba6 17. Rf3 Rb8 18. b3 O-O 19. Na4 Bb5 20.
Nc5 Rb6 21. a4 Ba6 22. Kf2 Bc8 23. h3 f5 24. Rb1 a5 25. g5 g6 26. h4 Rb4 27.
Ke3 d4+ 28. Kd2 Rd8 29. h5 Rd5 30. Rc1 Rd8 31. hxg6 hxg6 32. Rh3 Rf8 33.
Rch1 Rb8 34. Rh7 Ra8 35. Rh8+ Kg7 36. R1h7# {Black checkmated} 1-0